 Dungeon Crawl Stone Soup version 0.16-a0-223-g37887f7 (webtiles) character file.

609 Ololoev the Cloud Mage (level 7, -7/36 HPs)
             Began as a Tengu Air Elementalist on Aug 19, 2014.
             Mangled by an ogre
             ... wielding a +0 giant club
              (8 damage)
             ... on Level 4 of the Dungeon.
             The game lasted 00:21:41 (4412 turns).

Ololoev the Cloud Mage (Tengu Air Elementalist)     Turns: 4412, Time: 00:21:43

HP  -7/36        AC  4     Str  8      XL: 7   Next: 43%
MP   7/23        EV 12     Int 17      God:
Gold 114         SH  0     Dex 15      Spells:  3 memorised,  2 levels left

rFire  . . .     SeeInvis .     e - +0 dagger
rCold  . . .     Clarity  .     m - +2 robe {MR+}
rNeg   . . .     rCorr    .     (no shield)
rPois  .         rRot     .     (helmet restricted)
rElec  .         Spirit   .     (no cloak)
SustAb .         Warding  .     (no gloves)
rMut   .         Stasis   .     (boots unavailable)
Gourm  .                        (no amulet)
MR     +....                    q - ring of wizardry
                                h - ring of magical power

@: very slightly contaminated, somewhat resistant to hostile enchantments,
unstealthy
A: able to fly, beak, talons 3
a: Fly


You were on level 4 of the Dungeon.
You were near starving.

You visited 1 branch of the dungeon, and saw 4 of its levels.

You collected 114 gold pieces.

Inventory:

Hand weapons
 e - a +0 dagger (weapon)
Armour
 m - a +2 robe of magic resistance (worn)
Comestibles
 c - a bread ration
 l - a meat ration
 r - 4 fruits
 v - 3 rotting chunks of orc flesh
 w - 2 rotting chunks of jackal flesh
Scrolls
 f - a scroll of immolation
 g - 2 scrolls of remove curse
 n - a scroll of teleportation
 s - a scroll of fear {unknown}
Jewellery
 d - an uncursed ring of protection from magic
 h - a ring of magical power (left hand)
 q - a ring of wizardry (right hand)
Potions
 i - a potion of lignification {unknown}
 j - 2 potions of resistance
 k - 2 potions of curing {unknown}
 o - a potion of haste {unknown}
 p - a potion of restore abilities {unknown}
Books
 b - a book of Air

   Spells                             Type                      Level
   *Shock                             Conjuration/Air              1
   Swiftness                          Charms/Air                   2
   *Repel Missiles                    Charms/Air                   2
   Flight                             Charms/Air                   3
   Static Discharge                   Conjuration/Air              3
   *Lightning Bolt                    Conjuration/Air              5


   Skills:
 - Level 2.1 Dodging
 - Level 2.0 Stealth
 - Level 2.0 Spellcasting
 + Level 7.5 Conjurations
 + Level 8.0 Air Magic


You had 2 spell levels left.
You knew the following spells:

 Your Spells              Type           Power        Failure   Level  Hunger
a - Shock                 Conj/Air       ####         1%          1    #......
b - Repel Missiles        Chrm/Air       ###...       2%          2    ###....
c - Lightning Bolt        Conj/Air       ####......   10%         5    ######.


Dungeon Overview and Level Annotations

Branches:
Dungeon (4/15)
 Temple: D:4-7

Altars:
Dithmenos
Xom


Innate Abilities, Weirdness & Mutations

You can fly.
You have a beak for a mouth.
You have claws for feet.


Message History

An orc priest comes into view. It is wielding a dagger.
The orc priest shouts!
An orc priest comes into view. It is wielding a club.
An orc and an orc priest come into view.
The orc shouts!
The orc priest shouts!
The orc priest calls down the wrath of Beogh upon you.
Something smites you!
* * * LOW HITPOINT WARNING * * *
Read which item? (? for menu, Esc to quit)
As you read the scroll labeled BIAPHI CUVY, it crumbles to dust.
It is a scroll of recharging.
You aren't carrying any rechargeable items.
Read which item? (? for menu, Esc to quit)
As you read the scroll labeled GIJUSY PROMUOS, it crumbles to dust.
You hear a loud clanging noise!
It was a scroll of noise.
The orc priest prays to Beogh.
You feel a wave of unholy energy pass over you.
The ogre hits you with a giant club!
You die...

###..............##.............
.............###.###............
.............###.##............#
#######.........W##.............
#.....Z.##.##.............
###.......).##.[...........
h...#.......###[....)..........
.......%..$...##O##..)..........
...........).#@.(..#.........##
................####.##.......#
...$.)....o.o##.# ##.##........
b........oo.##.# #..##........
...........##.###.##.....##..
........(..#.##..#.(........
.......##.#.##...........P.
......# .#.....#.......### .#.
#.##.##.......#..


You could see a phantom, an ogre, 3 orc priests and an orc.

Vanquished Creatures
  Sigmund (D:4)
  A giant frog (D:3)
  A scorpion (D:3)
  An orc priest (D:4)
  2 hounds (D:4)
  2 jellies (D:3)
  A worker ant (D:4)
  An orc wizard (D:4)
  A hound skeleton (D:4)
  4 gnolls (D:2)
  6 adders
  A giant mite (D:4)
  2 worms
  A giant gecko (D:3)
  An ooze (D:1)
  10 orcs
  4 giant cockroaches
  11 goblins
  10 hobgoblins
  12 jackals
  A sheep (D:3)
  2 ball pythons
  6 bats
  5 giant newts
  A goblin skeleton (D:4)
  9 kobolds
  12 rats
109 creatures vanquished.

Notes
Turn   | Place    | Note
--------------------------------------------------------------
     0 | D:1      | Ololoev, the Tengu Air Elementalist, began the quest for the Orb.
     0 | D:1      | Reached XP level 1. HP: 10/10 MP: 3/3
   366 | D:1      | Reached XP level 2. HP: 12/15 MP: 0/5
  1053 | D:2      | Reached XP level 3. HP: 19/19 MP: 7/7
  1141 | D:2      | Learned a level 2 spell: Repel Missiles
  1310 | D:2      | Reached XP level 4. HP: 24/24 MP: 8/8
  1353 | D:2      | Reached skill level 5 in Air Magic
  2062 | D:3      | Found a shimmering altar of Xom.
  2076 | D:3      | Reached skill level 5 in Conjurations
  2076 | D:3      | Reached XP level 5. HP: 28/28 MP: 11/11
  2410 | D:3      | Found a shadowy altar of Dithmenos.
  2647 | D:3      | Reached skill level 6 in Air Magic
  2739 | D:3      | Reached XP level 6. HP: 32/32 MP: 12/12
  3230 | D:4      | Noticed Sigmund
  3540 | D:3      | Reached skill level 7 in Air Magic
  3956 | D:4      | Learned a level 5 spell: Lightning Bolt
  4009 | D:4      | Reached XP level 7. HP: 36/36 MP: 14/14
  4169 | D:4      | Killed Sigmund
  4391 | D:4      | Reached skill level 8 in Air Magic
  4410 | D:4      | HP: 1/36 [orc priest/divine providence (16)]
  4412 | D:4      | Mangled by an ogre

Action                   |  1- 3 |  4- 6 |  7- 9 || total
-------------------------+-------+-------+-------++-------
Melee: Dagger            |    14 |    22 |     8 ||    44
       Unarmed           |     2 |       |       ||     2
 Cast: Shock             |    57 |   120 |    30 ||   207
       Lightning Bolt    |       |       |     6 ||     6
Evoke: Wand              |       |     1 |       ||     1
  Use: Scroll            |       |     5 |     2 ||     7
  Eat: Chunk             |     2 |     9 |     2 ||    13
       Beef jerky        |       |     1 |       ||     1
